[Event "Titled Tuesday Blitz March 07 Early 2023"]
[White "Hindermann, Felix"]
[Black "Kozin, Yuri"]
[WhiteFideId "1305212"]
[BlackFideId "4129920"]
[WhiteElo "2206"]
[BlackElo "2513"]
[Result "1-0"]
[Round "05"]
[TimeControl "180+2"]
[Date "2023.03.07"]
[WhiteClock "0:01:05"]
[BlackClock "0:00:11"]

1. e4 c5 2. c3 Nf6 3. e5 Nd5 4. d4 cxd4 5. Qxd4 e6 6. Nf3 Nc6 7. Qe4 d6 8. Bb5 Bd7 9. c4 Nc7 10. exd6 Bxd6 11. O-O a6 12. Ba4 b5 13. Rd1 Qe7 14. Bc2 bxc4 15. Nbd2 Nd5 16. Nxc4 Bc7 17. Qg4 g6 18. Bg5 f6 19. Bh6 Ncb4 20. Bb3 e5 21. Qh4 Be6 22. a3 Nc6 23. Ncxe5 Nxe5 24. Nxe5 Bxe5 25. Bxd5 Bxd5 26. Rxd5 Bxb2 27. Rad1 Be5 28. Qa4+ Kf7 29. Rd7 Rhe8 30. Qc4# 1-0


[Site "https://www.chess.com"]

[Event "Titled Tuesday Blitz March 07 Early 2023"]
[White "Hirneise, Jens"]
[Black "Topalov, Aleksandar"]
[WhiteFideId "24614734"]
[BlackFideId "925659"]
[WhiteElo "2345"]
[BlackElo "2151"]
[Result "1/2-1/2"]
[Round "05"]
[TimeControl "180+2"]
[Date "2023.03.07"]
[WhiteClock "0:00:33"]
[BlackClock "0:00:34"]

1. d4 Nf6 2. c4 c5 3. Nf3 g6 4. Nc3 Bg7 5. e3 O-O 6. Be2 d6 7. O-O Nc6 8. dxc5 dxc5 9. Qa4 Bd7 10. Qb3 Qb6 11. Rd1 Rfd8 12. Qa3 Nb4 13. Ne1 Bc6 14. Bd2 a5 15. Rac1 Rd7 16. Na4 Qa7 17. Bc3 Rad8 18. Rxd7 Rxd7 19. Rd1 Bxa4 20. Qxa4 b6 21. a3 Na6 22. Qc6 Qc7 23. Qa8+ Nb8 24. h3 Rxd1 25. Bxd1 Nd7 26. Bxg7 Kxg7 27. Qe4 Nf6 28. Qc2 Nc6 29. Nd3 Ne5 30. Qc3 Nxd3 31. Qxd3 Qd6 32. Qc2 Kg8 33. Bf3 e6 34. Qc3 Nd7 35. g3 Ne5 36. Be2 h5 37. h4 Nd7 38. Bf3 Ne5 39. Be2 Nd7 40. Bf3 Ne5 41. Be2 1/2-1/2


[Site "https://www.chess.com"]

[Event "Titled Tuesday Blitz March 07 Early 2023"]
[White "Garic, Radomir"]
[Black "Osmak, Yuliia"]
[WhiteFideId "920959"]
[BlackFideId "14101602"]
[WhiteElo "2204"]
[BlackElo "2271"]
[Result "0-1"]
[Round "05"]
[TimeControl "180+2"]
[Date "2023.03.07"]
[WhiteClock "0:00:03"]
[BlackClock "0:00:04"]

1. e4 d6 2. d4 Nf6 3. Nc3 e5 4. Nf3 Nbd7 5. Bc4 Be7 6. O-O O-O 7. Re1 c6 8. a4 a5 9. Ba2 Qc7 10. Qd3 h6 11. h3 Re8 12. Qc4 Rf8 13. Nd5 Qd8 14. Nxe7+ Qxe7 15. dxe5 Nxe5 16. Nxe5 dxe5 17. Qc3 Re8 18. Qg3 Kh7 19. Bd2 Be6 20. Bxe6 Qxe6 21. Bc3 Nh5 22. Qf3 Nf4 23. Rad1 b6 24. Rd2 Rad8 25. Red1 Rxd2 26. Rxd2 Qg6 27. Kh2 Re6 28. g3 Nh5 29. Qf5 Nf6 30. Qxg6+ Kxg6 31. f3 Ne8 32. Rd7 Nd6 33. b3 f5 34. Bxe5 Nf7 35. exf5+ Kxf5 36. f4 Nxe5 37. fxe5 Rxe5 38. Rd2 Re3 39. Kg2 Rc3 40. Kf2 Ke4 41. Re2+ Kd4 42. Rd2+ Kc5 43. g4 g5 44. Kg2 Kb4 45. Kf2 b5 46. axb5 cxb5 47. Ke2 Ka3 48. Kd1 Rxh3 49. Rd5 Kb4 50. Rd4+ Kc3 51. Re4 Rh1+ 52. Ke2 Kxc2 53. Re5 b4 54. Rxa5 Kxb3 55. Ra1 Rxa1 56. Kd2 Ra2+ 57. Kd3 Ra6 0-1


[Site "https://www.chess.com"]

[Event "Titled Tuesday Blitz March 07 Early 2023"]
[White "Saito, Vinicius"]
[Black "UNSTOPPABLE_LEGEND"]
[WhiteFideId "2113384"]
[WhiteElo "2152"]
[BlackElo "2512"]
[Result "1-0"]
[Round "05"]
[TimeControl "180+2"]
[Date "2023.03.07"]
[WhiteClock "0:00:43"]
[BlackClock "0:00:15"]

1. e4 e6 2. d4 d5 3. Nc3 Nf6 4. e5 Nfd7 5. Nce2 c5 6. c3 Nc6 7. Nf3 Be7 8. a3 a5 9. h4 a4 10. Nf4 O-O 11. Bd3 cxd4 12. cxd4 f5 13. Nxe6 Qb6 14. Nxf8 Nxf8 15. Bc2 Ne6 16. Bxf5 Nexd4 17. Nxd4 Nxd4 18. Bxc8 Rxc8 19. O-O Nb3 20. Qxd5+ Kh8 21. Rb1 Bxh4 22. Be3 Qg6 23. Rbd1 h6 24. Qd7 Rc4 25. e6 Rg4 26. Qxb7 Na5 27. Qd5 Nc4 28. Rd4 Nxe3 29. fxe3 Bg5 30. Rxg4 Bxe3+ 31. Kh2 Qxg4 32. Qf5 Qh4+ 33. Qh3 Bf4+ 34. Kh1 Qg5 35. e7 Qxe7 36. Rxf4 g6 37. Qxh6+ Kg8 38. Qxg6+ Qg7 39. Qxg7+ Kxg7 40. Rxa4 1-0


[Site "https://www.chess.com"]

[Event "Titled Tuesday Blitz March 07 Early 2023"]
[White "Prudnykova, Olga"]
[Black "Estrada Nieto, Julian"]
[WhiteFideId "14121093"]
[BlackFideId "5101018"]
[WhiteElo "2113"]
[BlackElo "2176"]
[Result "1-0"]
[Round "05"]
[TimeControl "180+2"]
[Date "2023.03.07"]
[WhiteClock "0:00:29"]
[BlackClock "0:00:02"]

1. e4 e5 2. d4 exd4 3. Qxd4 Nc6 4. Qc4 Nf6 5. Nc3 Bb4 6. Bg5 h6 7. Bh4 d6 8. O-O-O g5 9. Bg3 Bxc3 10. Qxc3 Qe7 11. f3 Bd7 12. h4 O-O-O 13. Bc4 Nh5 14. Bf2 Nf4 15. g3 Ng6 16. h5 Nge5 17. Bd5 f6 18. Qb3 a6 19. Ne2 Rhe8 20. Nd4 Na5 21. Qc3 Nac6 22. f4 Nxd4 23. Bxd4 gxf4 24. gxf4 Ng4 25. Rhg1 Kb8 26. Qb3 c5 27. Qxb7# 1-0


[Site "https://www.chess.com"]

[Event "Titled Tuesday Blitz March 07 Early 2023"]
[White "Vaglio Munoz, Jaime"]
[Black "Baches Garcia, Guillermo"]
[WhiteFideId "6500145"]
[BlackFideId "2209764"]
[WhiteElo "2199"]
[BlackElo "2511"]
[Result "0-1"]
[Round "05"]
[TimeControl "180+2"]
[Date "2023.03.07"]
[WhiteClock "0:00:02"]
[BlackClock "0:00:17"]

1. Nf3 d5 2. e3 Nf6 3. c4 e6 4. Nc3 c5 5. cxd5 Nxd5 6. Qc2 Be7 7. b3 O-O 8. Bb2 Nc6 9. h4 h6 10. Ng5 Bxg5 11. hxg5 Qxg5 12. Ne4 Qg6 13. a3 b6 14. Bd3 f5 15. Nd6 Rd8 16. Nxc8 Raxc8 17. Ba6 Rc7 18. Kf1 Rcd7 19. Rd1 Nf6 20. Bb5 Rd6 21. f3 Nh5 22. Rh3 Nf6 23. Kf2 Qf7 24. b4 Qd7 25. Bxf6 gxf6 26. Ke1 Kg7 27. bxc5 bxc5 28. Qxc5 Rxd2 29. Rg3+ Kf7 30. Rxd2 Qxd2+ 31. Kf1 Qd1+ 32. Kf2 Rd2+ 0-1


[Site "https://www.chess.com"]

[Event "Titled Tuesday Blitz March 07 Early 2023"]
[White "Matveeva, Olga"]
[Black "Fernandez Garcia, Gumersindo"]
[WhiteFideId "24107018"]
[BlackFideId "24516740"]
[WhiteElo "2056"]
[BlackElo "2093"]
[Result "0-1"]
[Round "05"]
[TimeControl "180+2"]
[Date "2023.03.07"]
[WhiteClock "0:00:01"]
[BlackClock "0:00:42"]

1. d4 Nf6 2. c4 e6 3. g3 d5 4. Nf3 Be7 5. Bg2 O-O 6. O-O dxc4 7. Qc2 b6 8. Nbd2 Bb7 9. Nxc4 Nbd7 10. Bf4 c5 11. dxc5 Bxc5 12. Rad1 Qe7 13. Bd6 Bxd6 14. Nxd6 Bd5 15. Nb5 Rfc8 16. Qa4 a6 17. Nbd4 b5 18. Qa5 Nc5 19. Rc1 h6 20. Rfd1 Nfd7 21. b3 Nb7 22. Qe1 Nf6 23. Ne5 Bxg2 24. Kxg2 Nd6 25. Ndc6 Qf8 26. f3 Rc7 27. Qd2 Nf5 28. e4 Ne7 29. Qa5 Rac8 30. Nxe7+ Qxe7 31. Rxc7 Qxc7 32. Qxc7 Rxc7 33. Rd8+ Kh7 34. Rd2 Ne8 35. Kf2 f6 36. Nd3 Kg6 37. Ke3 Kf7 38. Nb4 a5 39. Nd3 e5 40. f4 Ke6 41. f5+ Ke7 42. b4 Nd6 43. bxa5 Nc4+ 0-1


[Site "https://www.chess.com"]

[Event "Titled Tuesday Blitz March 07 Early 2023"]
[White "Degenbaev, Aziz"]
[Black "Melikhov, Evgeny V."]
[WhiteFideId "13802640"]
[BlackFideId "4122046"]
[WhiteElo "2152"]
[BlackElo "2158"]
[Result "1-0"]
[Round "05"]
[TimeControl "180+2"]
[Date "2023.03.07"]
[WhiteClock "0:00:22"]
[BlackClock "0:00:05"]

1. e4 e5 2. Nf3 Nc6 3. d4 exd4 4. Nxd4 Bc5 5. Nb3 Bb6 6. Nc3 Nf6 7. Qe2 d6 8. Be3 Bxe3 9. Qxe3 O-O 10. O-O-O Re8 11. f3 d5 12. Qc5 Qe7 13. exd5 Qxc5 14. Nxc5 Nb4 15. a3 Na6 16. Bxa6 bxa6 17. d6 cxd6 18. Rxd6 a5 19. Nb5 Bf5 20. Nc7 Red8 21. Nb7 Rxd6 22. Nxd6 Rc8 23. Nxc8 Bxc8 24. Rd1 Bd7 25. Nd5 Be6 26. Nxf6+ gxf6 27. Rd6 Kg7 28. Ra6 Bc4 29. Rxa7 Bf1 30. g3 Bg2 31. f4 h5 32. Rxa5 h4 33. gxh4 Kg6 34. Rc5 f5 35. a4 Be4 36. a5 Kh5 37. a6 Kg4 38. a7 Kxf4 39. Rc4 1-0


[Site "https://www.chess.com"]

[Event "Titled Tuesday Blitz March 07 Early 2023"]
[White "Liu, Casper"]
[Black "TimGrutter03"]
[WhiteFideId "1454153"]
[WhiteElo "2221"]
[BlackElo "2502"]
[Result "1-0"]
[Round "05"]
[TimeControl "180+2"]
[Date "2023.03.07"]
[WhiteClock "0:00:50"]
[BlackClock "0:00:01"]

1. d4 Nf6 2. c4 g6 3. Nc3 Bg7 4. e4 d6 5. Nf3 O-O 6. Be3 e5 7. dxe5 dxe5 8. Nxe5 Qxd1+ 9. Rxd1 Nxe4 10. Nxe4 Bxe5 11. Bd4 Bxd4 12. Rxd4 Nc6 13. Rd2 Re8 14. Re2 Kg7 15. Nc3 Be6 16. Rd2 Bxc4+ 17. Kd1 Bxf1 18. Rxf1 Rad8 19. Re1 Rxd2+ 20. Kxd2 Rd8+ 21. Kc1 Nb4 22. Re7 Na6 23. Nb5 Rd5 24. Nxa7 Kf6 25. Re3 Nb4 26. Rf3+ Ke6 27. a3 Nd3+ 28. Kb1 f5 29. Nb5 Kd7 30. Nc3 Rd4 31. Nb5 Rd5 32. Nc3 Rd6 33. Nb5 Ne1 34. Nxd6 Nxf3 35. Nxf5 Nd2+ 36. Kc2 Ne4 37. f3 Nf6 38. Ne3 Kd6 39. Kd3 Kc5 40. f4 1-0


[Site "https://www.chess.com"]

[Event "Titled Tuesday Blitz March 07 Early 2023"]
[White "Dwilewicz, Katarzyna"]
[Black "Mammadzada, Gunay"]
[WhiteFideId "1148486"]
[BlackFideId "13403729"]
[WhiteElo "2065"]
[BlackElo "2396"]
[Result "0-1"]
[Round "05"]
[TimeControl "180+2"]
[Date "2023.03.07"]
[WhiteClock "0:00:02"]
[BlackClock "0:00:41"]

1. e4 c5 2. Nf3 d6 3. d4 cxd4 4. Nxd4 Nf6 5. Nc3 a6 6. h3 Nc6 7. g4 Qb6 8. Nb3 e6 9. Be3 Qc7 10. f4 b5 11. Bg2 Bb7 12. g5 Nd7 13. Qe2 Nb6 14. O-O-O Nc4 15. Bf2 Rc8 16. Rhe1 Be7 17. h4 O-O 18. h5 N6a5 19. Rd3 b4 20. Nd1 Nxb3+ 21. axb3 Nb6 22. Kb1 a5 23. Bxb6 Qxb6 24. Ne3 Ba6 25. Nc4 Bxc4 26. bxc4 Rxc4 27. Rxd6 Qxd6 28. Qxc4 Qxf4 29. g6 Qe5 30. gxf7+ Kh8 31. Bh3 Bf6 32. c3 Qg3 33. Bxe6 Qxe1+ 34. Ka2 bxc3 35. Qc8 Rxc8 36. Bxc8 Be7 0-1


[Site "https://www.chess.com"]

[Event "Titled Tuesday Blitz March 07 Early 2023"]
[White "Afanasieva, Alexandra"]
[Black "Balla, Tamas-Kristof"]
[WhiteFideId "34126926"]
[BlackFideId "1208497"]
[WhiteElo "1763"]
[BlackElo "2334"]
[Result "1-0"]
[Round "05"]
[TimeControl "180+2"]
[Date "2023.03.07"]
[WhiteClock "0:01:00"]
[BlackClock "0:00:03"]

1. e4 c5 2. Nf3 Nc6 3. Bb5 Nf6 4. Bxc6 dxc6 5. d3 g6 6. O-O Bg7 7. Re1 O-O 8. e5 Nd5 9. a3 Qc7 10. c4 Nb6 11. Bf4 Be6 12. Nc3 Rad8 13. Qe2 Qd7 14. Rad1 Bf5 15. d4 cxd4 16. Nxd4 Qc8 17. b3 Bg4 18. f3 Be6 19. Ne4 Bf5 20. Nc5 a5 21. Bg3 a4 22. b4 h5 23. Nxf5 Qxf5 24. Nxb7 Rxd1 25. Rxd1 g5 26. h3 h4 27. Bh2 Qg6 28. Nc5 f6 29. e6 f5 30. Nd7 Nxd7 31. exd7 Rd8 32. Bc7 Rxd7 33. Rxd7 Kh7 34. Rxe7 Qf6 35. Qe5 Qf8 36. Qxg7+ Qxg7 37. Rxg7+ Kxg7 1-0


[Site "https://www.chess.com"]

[Event "Titled Tuesday Blitz March 07 Early 2023"]
[White "Smith, Garrett L"]
[Black "Karas, Marek"]
[WhiteFideId "2024829"]
[BlackFideId "14928558"]
[WhiteElo "2282"]
[BlackElo "2233"]
[Result "0-1"]
[Round "05"]
[TimeControl "180+2"]
[Date "2023.03.07"]
[WhiteClock "0:00:02"]
[BlackClock "0:00:03"]

1. e4 g6 2. d4 Bg7 3. Nc3 d6 4. Be3 a6 5. g4 b5 6. Bg2 Bb7 7. h4 Nd7 8. h5 c5 9. h6 Bf8 10. dxc5 Nxc5 11. Qd4 Nf6 12. f3 e5 13. Qd2 Be7 14. O-O-O Qc7 15. g5 Nfd7 16. Bh3 Nb6 17. Nd5 Bxd5 18. exd5 Nc4 19. Qc3 Nxe3 20. Qxe3 Qd8 21. f4 exf4 22. Qd4 Rg8 23. Nf3 Bxg5 24. Rde1+ Kf8 25. Reg1 Bf6 26. Qxf4 Ra7 27. Rf1 Qe7 28. Rhg1 Na4 29. c3 Bxc3 30. bxc3 Nxc3 31. Re1 Ne2+ 32. Rxe2 Qxe2 33. Qxd6+ Qe7 34. Qb8+ Qe8 35. Qd6+ Re7 36. Ng5 Rh8 37. Rf1 Kg8 38. Qf6 Re1+ 39. Rxe1 Qxe1+ 40. Kb2 Qd2+ 41. Kb3 Qd3+ 42. Kb4 Qd2+ 43. Kc5 Qe3+ 44. Kc6 Qe8+ 45. Kd6 Qf8+ 46. Ke5 Qe8+ 47. Kd4 Qf8 48. Be6 Qb4+ 49. Ke5 Qc3+ 50. Kd6 Qxf6 0-1


[Site "https://www.chess.com"]

[Event "Titled Tuesday Blitz March 07 Early 2023"]
[White "Mohamed, Saeed Laily"]
[Black "Womacka, Mathias"]
[WhiteFideId "9314946"]
[BlackFideId "4611390"]
[WhiteElo "1767"]
[BlackElo "2377"]
[Result "1-0"]
[Round "05"]
[TimeControl "180+2"]
[Date "2023.03.07"]
[WhiteClock "0:00:07"]
[BlackClock "0:00:01"]

1. d4 Nf6 2. c3 e6 3. Nf3 c5 4. g3 d5 5. Bg2 Be7 6. O-O O-O 7. Nbd2 Nc6 8. dxc5 Bxc5 9. Nb3 Bb6 10. Bf4 Qe7 11. Ne5 Nh5 12. e3 Nxf4 13. exf4 Nxe5 14. fxe5 Bd7 15. Nd4 Rac8 16. f4 Rc4 17. f5 exf5 18. Bxd5 Rc7 19. Re1 Bc8 20. Qf3 Rd8 21. Rad1 Rcd7 22. c4 Bc5 23. Kg2 Rc7 24. Nxf5 Qf8 25. Rf1 Re8 26. Rde1 Bb4 27. Re2 Bxf5 28. Qxf5 Rce7 29. h4 g6 30. Qf6 Qg7 31. Ref2 Qxf6 32. Rxf6 1-0


[Site "https://www.chess.com"]

[Event "Titled Tuesday Blitz March 07 Early 2023"]
[White "babbilator"]
[Black "Buksa, Nataliya"]
[BlackFideId "14123622"]
[WhiteElo "2209"]
[BlackElo "2316"]
[Result "1/2-1/2"]
[Round "05"]
[TimeControl "180+2"]
[Date "2023.03.07"]
[WhiteClock "0:01:06"]
[BlackClock "0:01:24"]

1. e4 c5 2. Nc3 Nc6 3. Nf3 e5 4. Bc4 Be7 5. d3 d6 6. Nd2 Bg5 7. Nf1 Bxc1 8. Rxc1 Nf6 9. Ne3 O-O 10. Ncd5 a6 11. a4 Rb8 12. O-O b5 13. axb5 axb5 14. Bb3 Nxd5 15. Bxd5 Ne7 16. Ra1 Be6 17. Bxe6 fxe6 18. Ra6 Qd7 19. Qa1 Nc6 20. c3 b4 21. Nc4 Qc7 22. Qa4 Rfc8 23. Ra1 h6 24. h3 Rb7 25. Ra8 Rbb8 26. Ra6 Kh7 27. Kh2 Rb7 28. Ra8 Rbb8 29. Ra6 Kg8 30. Kg1 1/2-1/2


[Site "https://www.chess.com"]

[Event "Titled Tuesday Blitz March 07 Early 2023"]
[White "Sailer, Mike"]
[Black "Ronka, Erik"]
[WhiteFideId "2012901"]
[BlackFideId "505080"]
[WhiteElo "2109"]
[BlackElo "2264"]
[Result "0-1"]
[Round "05"]
[TimeControl "180+2"]
[Date "2023.03.07"]
[WhiteClock "0:00:08"]
[BlackClock "0:00:08"]

1. d4 d5 2. Bg5 f6 3. Bd2 c5 4. dxc5 e5 5. b4 a5 6. c3 b6 7. cxb6 Qxb6 8. e3 axb4 9. Qb3 Nc6 10. Qxd5 b3 11. a4 Nge7 12. Qb5 Qxb5 13. Bxb5 Be6 14. Ne2 Kf7 15. O-O b2 16. Ra3 Na5 17. c4 Bxc4 18. Bxc4+ Nxc4 19. Rc3 Rxa4 20. e4 Nc6 21. Be3 N6a5 22. Rd1 Bb4 23. Rcd3 Ke6 24. Rd7 Nxe3 25. fxe3 Ra1 26. Ng3 Rxb1 27. Rxb1 Kxd7 28. Rxb2 Bc5 29. Rb5 Bxe3+ 30. Kf1 Ra8 31. Nf5 Bd4 32. Nxg7 Kc6 33. Rd5 Nc4 34. Nf5 Ra1+ 35. Ke2 Ra2+ 36. Kf3 Nd2+ 37. Kg3 Nxe4+ 38. Kh3 Kxd5 0-1


[Site "https://www.chess.com"]

[Event "Titled Tuesday Blitz March 07 Early 2023"]
[White "Khamdamova, Afruza"]
[Black "lisjakzlatko1"]
[WhiteFideId "14210444"]
[WhiteElo "2210"]
[BlackElo "2181"]
[Result "0-1"]
[Round "05"]
[TimeControl "180+2"]
[Date "2023.03.07"]
[WhiteClock "0:00:29"]
[BlackClock "0:00:20"]

1. c4 e5 2. Nc3 d6 3. g3 f5 4. Bg2 Nf6 5. d4 Nbd7 6. e3 Be7 7. Nge2 O-O 8. O-O c6 9. b3 Qe8 10. Bb2 Qh5 11. d5 c5 12. Nb5 Ne8 13. f4 a6 14. Na3 Nef6 15. h3 g5 16. fxe5 Nxe5 17. Bxe5 dxe5 18. d6 Bd8 19. Nc3 Qh6 20. Nc2 Kh8 21. Nd5 Bd7 22. Nxf6 Bxf6 23. Bxb7 Qxh3 24. Bxa8 Rxa8 25. Qf3 e4 26. Qg2 Qxg2+ 27. Kxg2 Bxa1 28. Rxa1 Kg7 29. b4 Rc8 30. Rc1 Kf6 31. bxc5 Rxc5 32. Nd4 Ke5 33. Nb3 Rc8 34. c5 f4 35. gxf4+ gxf4 36. exf4+ Kxf4 37. Nd4 Rg8+ 38. Kf1 Ke3 39. c6 Bh3+ 0-1


[Site "https://www.chess.com"]

[Event "Titled Tuesday Blitz March 07 Early 2023"]
[White "Mortazavi, Ali"]
[Black "Samarth, J Rao"]
[WhiteFideId "401323"]
[BlackFideId "46652370"]
[WhiteElo "2339"]
[BlackElo "1564"]
[Result "0-1"]
[Round "05"]
[TimeControl "180+2"]
[Date "2023.03.07"]
[WhiteClock "0:00:01"]
[BlackClock "0:00:22"]

1. e4 c5 2. Nc3 e6 3. Nf3 a6 4. g3 b5 5. Bg2 Bb7 6. d3 Nf6 7. e5 Nd5 8. Ne4 Be7 9. Qe2 O-O 10. c4 Nb4 11. O-O N4c6 12. Be3 Qb6 13. a3 Nd4 14. Bxd4 cxd4 15. b4 Bxe4 16. Qxe4 Nc6 17. c5 Qc7 18. Nxd4 Nxe5 19. Qxa8 Rxa8 20. Bxa8 Nxd3 21. Rad1 Nb2 22. Rd2 Nc4 23. Rd3 g6 24. Bg2 Bf6 25. Nb3 Bb2 26. Rfd1 Ne5 27. Rd4 Bxd4 28. Rxd4 Nc4 29. h4 Nxa3 30. Rd6 Nc2 31. Rxa6 Nxb4 32. Ra8+ Kg7 33. h5 gxh5 34. Kh2 h4 35. Ra5 Nd3 36. Rxb5 Nxf2 37. Kg1 Qxg3 38. Kf1 h3 39. Ba8 h2 40. Rb4 Nd3 41. Rd4 Qf2# 0-1


[Site "https://www.chess.com"]

[Event "Titled Tuesday Blitz March 07 Early 2023"]
[White "Ardila, Oscar Humberto"]
[Black "Yosha_Iglesias"]
[WhiteFideId "4404742"]
[WhiteElo "1911"]
[BlackElo "2483"]
[Result "0-1"]
[Round "05"]
[TimeControl "180+2"]
[Date "2023.03.07"]
[WhiteClock "0:00:04"]
[BlackClock "0:00:02"]

1. d4 Nf6 2. c4 c5 3. dxc5 e6 4. Nf3 Bxc5 5. e3 b6 6. Be2 Bb7 7. O-O O-O 8. Nc3 d5 9. Qc2 dxc4 10. Rd1 Qe7 11. Nb5 Rc8 12. Bd2 Na6 13. a3 Be4 14. Qa4 Nc7 15. Qxc4 Nxb5 16. Qxb5 Bc2 17. Rdc1 a6 18. Qc4 Bxe3 19. Qh4 Bxd2 20. Nxd2 Nd5 21. Qg3 Qf6 22. Bf3 Ra7 23. Qd6 Qe7 24. Qe5 Qf6 25. Qd6 Qxb2 26. Nc4 Qc3 27. Bxd5 exd5 28. Nxb6 Re8 29. Nxd5 Qb2 30. Ne3 Bg6 31. Qc5 Rae7 32. h3 h6 33. Re1 Re5 34. Qc6 Qd2 35. Rad1 Qb2 36. Qxa6 Rg5 37. Qc6 Re6 38. Rd8+ Kh7 39. Qc8 Be4 40. Rh8+ Kg6 41. h4 Qd2 42. hxg5 Qxe1+ 43. Kh2 Qxf2 44. gxh6 Qf4+ 45. Kg1 Qxe3+ 46. Kh2 Qf4+ 47. Kg1 Qe3+ 48. Kh2 Bxg2 49. hxg7 Qf4+ 50. Kxg2 Re2+ 51. Kg1 Qf2+ 52. Kh1 Qg2# 0-1


[Site "https://www.chess.com"]

[Event "Titled Tuesday Blitz March 07 Early 2023"]
[White "Delorme, Alban"]
[Black "Bettalli, Francesco"]
[WhiteFideId "623636"]
[BlackFideId "2816453"]
[WhiteElo "2196"]
[BlackElo "2216"]
[Result "1-0"]
[Round "05"]
[TimeControl "180+2"]
[Date "2023.03.07"]
[WhiteClock "0:00:32"]
[BlackClock "0:00:54"]

1. e4 g6 2. d4 Bg7 3. Nc3 c6 4. Be3 d5 5. Be2 Nf6 6. e5 Nfd7 7. Nf3 Nf8 8. O-O Bf5 9. Nh4 e6 10. Nxf5 exf5 11. Qd2 Ne6 12. f4 Nd7 13. Bf3 h5 14. Ne2 Nb6 15. b3 a5 16. Qd3 Bf8 17. c4 a4 18. Rfc1 Ba3 19. Rc2 Be7 20. c5 Nd7 21. b4 h4 22. b5 Qa5 23. Rb1 Ndf8 24. Bd2 Qc7 25. bxc6 bxc6 26. Rcb2 Nd8 27. Nc3 Nfe6 28. Bxd5 cxd5 29. Nxd5 Qc6 30. Nxe7 Kxe7 31. d5 Qxc5+ 32. Be3 Qc8 33. dxe6 fxe6 34. Qd6+ Kf7 35. Rc1 Qa6 36. Rc7+ Kg8 37. Qe7 1-0


[Site "https://www.chess.com"]

[Event "Titled Tuesday Blitz March 07 Early 2023"]
[White "Hoffmann, Asa"]
[Black "Chylewski, Patryk"]
[WhiteFideId "2001470"]
[BlackFideId "1186191"]
[WhiteElo "2117"]
[BlackElo "2163"]
[Result "1/2-1/2"]
[Round "05"]
[TimeControl "180+2"]
[Date "2023.03.07"]
[WhiteClock "0:00:04"]
[BlackClock "0:00:04"]

1. d4 Nf6 2. Bg5 e6 3. Nd2 d5 4. e3 Be7 5. Bd3 c5 6. c3 Nc6 7. f4 b6 8. Ngf3 Bb7 9. O-O Nd7 10. Qe1 f5 11. Qh4 Bf6 12. g4 g6 13. gxf5 exf5 14. Rae1 Qe7 15. c4 Nb4 16. Bb1 dxc4 17. Nxc4 O-O-O 18. Nce5 Bxg5 19. Qxg5 Qxg5+ 20. Nxg5 Nxe5 21. dxe5 Bd5 22. a3 Nc6 23. e4 fxe4 24. Bxe4 Nd4 25. Bxd5 Rxd5 26. e6 Nf5 27. Rd1 Rxd1 28. Rxd1 Re8 29. Rd7 h6 30. Nf7 Rxe6 31. Rxa7 Re2 32. Ne5 g5 33. Nc4 b5 34. Nb6+ Kb8 35. Rf7 Nd4 36. fxg5 hxg5 37. Nd7+ Kc7 38. Nxc5+ Kd6 39. Nd3 Rd2 40. Nf2 Rxb2 41. Ne4+ Ke5 42. Nxg5 Ra2 43. Nf3+ Nxf3+ 44. Rxf3 Ke4 45. Rb3 Kf4 46. h4 Kg4 47. Kf1 Kxh4 48. Ke1 Kg4 49. Kd1 Kf4 50. Kc1 Ke4 51. Kb1 Rh2 52. Rxb5 Kd4 53. Rb2 Rxb2+ 54. Kxb2 Kc4 55. a4 Kb4 56. a5 Kxa5 1/2-1/2


[Site "https://www.chess.com"]

[Event "Titled Tuesday Blitz March 07 Early 2023"]
[White "Toropov, Pavel"]
[Black "Matutururu, Maxman"]
[WhiteFideId "24129178"]
[BlackFideId "11004487"]
[WhiteElo "2182"]
[BlackElo "2407"]
[Result "1-0"]
[Round "05"]
[TimeControl "180+2"]
[Date "2023.03.07"]
[WhiteClock "0:00:36"]
[BlackClock "0:00:30"]

1. e4 c5 2. Nf3 d6 3. Bb5+ Nc6 4. O-O Bd7 5. Re1 a6 6. Bf1 Nf6 7. h3 e6 8. c3 Be7 9. d4 cxd4 10. cxd4 O-O 11. Nc3 Rc8 12. e5 Nd5 13. Nxd5 exd5 14. Bf4 dxe5 15. dxe5 Be6 16. Nd4 Nxd4 17. Qxd4 Bc5 18. Qd2 Qh4 19. Rac1 h6 20. Bg3 Qxg3 21. Rxc5 Qg5 22. Qxg5 hxg5 23. Rec1 Rxc5 24. Rxc5 Rc8 25. Rxc8+ Bxc8 26. f3 Kf8 27. Kf2 Ke7 28. Ke3 Bf5 29. Kd4 Ke6 30. Be2 Bb1 31. a3 Bc2 32. g3 Bf5 33. h4 gxh4 34. gxh4 Bc2 35. Bf1 Bf5 36. f4 Be4 37. Bh3+ Ke7 38. Bc8 b6 39. Bxa6 Ke6 40. Bc8+ Ke7 41. b4 Kd8 42. Bg4 Kc7 43. Be2 Bg2 44. a4 Be4 45. a5 bxa5 46. bxa5 Kc6 47. Bd3 Bf3 48. f5 Bd1 49. f6 gxf6 50. exf6 Bh5 51. a6 Bg4 52. Bg6 Be6 53. h5 Kb6 54. Bd3 1-0


[Site "https://www.chess.com"]

[Event "Titled Tuesday Blitz March 07 Early 2023"]
[White "Leenhouts, Koen"]
[Black "Pein, Jonathan"]
[WhiteFideId "1008439"]
[BlackFideId "417092"]
[WhiteElo "2409"]
[BlackElo "2151"]
[Result "1-0"]
[Round "05"]
[TimeControl "180+2"]
[Date "2023.03.07"]
[WhiteClock "0:00:54"]
[BlackClock "0:01:00"]

1. e4 e5 2. Nf3 d6 3. d4 exd4 4. Nxd4 Nf6 5. Nc3 g6 6. Bc4 Bg7 7. O-O O-O 8. Bb3 Nbd7 9. Bg5 h6 10. Bh4 Nc5 11. Re1 g5 12. Bg3 Nxb3 13. cxb3 Ng4 14. Nf5 Bxf5 15. exf5 Ne5 16. Qh5 c6 17. Bxe5 dxe5 18. Ne4 f6 19. Rad1 Qe8 20. Qxe8 Raxe8 21. Rd7 Rf7 22. Rxf7 Kxf7 23. Nd6+ Ke7 24. Nxe8 Kxe8 25. f3 Bf8 26. g4 Bc5+ 27. Kf1 Bd4 28. Re2 a5 29. Ke1 Ke7 30. Kd1 Kd6 31. Kc2 b5 32. a4 b4 33. Kd3 Kd5 34. h3 Bb6 35. Rh2 Bg1 36. Rg2 Bd4 37. Rh2 Bg1 38. Rh1 Bd4 39. h4 Bxb2 40. hxg5 hxg5 41. Rh8 c5 42. Rd8+ Kc6 43. Kc4 e4 44. fxe4 Bd4 45. Rxd4 cxd4 46. Kxd4 Kd6 47. e5+ fxe5+ 48. Ke4 Kd7 49. Kxe5 Ke7 50. f6+ Kf7 51. Kf5 Ke8 52. Kxg5 Kd8 53. Kf5 Kc8 54. g5 Kb7 55. g6 Ka8 56. g7 Ka7 57. g8=Q Kb6 58. Qe6+ Kc5 59. f7 Kd4 60. Qe4+ Kc3 61. Qc4+ Kb2 62. f8=Q Ka3 63. Qd6 Kb2 64. Qd2+ Ka3 65. Qdc1+ Ka2 66. Q4c2# 1-0


[Site "https://www.chess.com"]

[Event "Titled Tuesday Blitz March 07 Early 2023"]
[White "Kalajzic, Ivan"]
[Black "Benaddi, Mouhcine"]
[WhiteFideId "14506378"]
[BlackFideId "9001050"]
[WhiteElo "2203"]
[BlackElo "2036"]
[Result "0-1"]
[Round "05"]
[TimeControl "180+2"]
[Date "2023.03.07"]
[WhiteClock "0:00:19"]
[BlackClock "0:01:44"]

1. d4 c6 2. Nc3 d5 3. Nf3 Nf6 4. Bg5 Ne4 5. Bf4 Nxc3 6. bxc3 Nd7 7. c4 dxc4 8. e4 b5 9. a4 e5 10. dxe5 Bb4+ 11. Bd2 Bc5 12. Be2 Nxe5 13. Nxe5 Qd4 14. Ng4 Bxg4 15. O-O Bxe2 16. Qxe2 O-O 17. Rfd1 Qe5 18. Kh1 f5 19. f3 fxe4 20. fxe4 Rf2 21. Qe1 Raf8 22. Be3 Rf1+ 23. Qxf1 Rxf1+ 24. Rxf1 Bxe3 25. Rad1 h6 0-1


[Site "https://www.chess.com"]